 Dungeon Crawl Stone Soup version 0.29.1-4-g47bece8355 (webtiles) character file.

Game seed: 10418425275131779876

594616 retardedninja the Axe Maniac (level 27, -11/273 HPs)
             Began as a Hill Orc Fighter on Dec 9, 2022.
             Was an Initiate of Gozag.
             Killed from afar by an orb of fire (52 damage)
             ... with a bolt of fire
             ... on level 4 of the Realm of Zot.
             The game lasted 02:41:48 (114376 turns).

retardedninja the Axe Maniac (Hill Orc Fighter)   Turns: 114376, Time: 02:42:18

Health: -11/273    AC: 54    Str: 37 (38) XL:     27
Magic:  0/23       EV:  9    Int:  7      God:    Gozag
Gold:   2678       SH: 20    Dex: 14      Spells: 26/26 levels left

rFire   . . .      SeeInvis .   b - +7 war axe (vorpal)
rCold   + . .      Faith    .   B - +3 kite shield {reflect}
rNeg    . . .      Spirit   +   r - +7 crystal plate armour of the Lute {rC+ rCorr}
rPois   +          Reflect  +   R - +2 hat
rElec   .          Harm     .   o - +2 cloak {rPois}
rCorr   +          Rampage  .   y - +2 pair of gloves {Stlth+}
Will    ++...                   A - +0 pair of boots {Fly}
Stlth   ..........              O - amulet of guardian spirit
HPRegen 0.55/turn               E - +6 ring of strength
MPRegen 0.18/turn               C - +4 ring of slaying

@: gold aura, flying, studying 2 skills
A: antennae 1, talons 1, iridescent scales 2, agile 1, deterioration 1,
evolution 1
}: 3/15 runes: decaying, silver, gossamer
a: Renounce Religion, Potion Petition, Call Merchant, Bribe Branch


You were on level 4 of the Realm of Zot.
You worshipped Gozag.
Gozag was most pleased with you.
You visited 13 branches of the dungeon, and saw 52 of its levels.
You also visited: Ossuary, Bailey and Desolation.

You collected 29597 gold pieces.
You spent 4732 gold pieces at shops.
You paid 22187 gold pieces to Gozag.

Inventory:

Hand Weapons
 b - a +7 vorpal war axe (weapon)
Missiles
 p - 11 javelins
 D - 2 throwing nets
Armour
 o - a +2 cloak of poison resistance (worn)
 r - the +7 crystal plate armour of the Lute (worn) {rC+ rCorr}
   (You acquired it on level 7 of the Dungeon)

   rC:        It protects you from cold.
   rCorr:     It protects you from acid and corrosion.
 y - a +2 pair of gloves of stealth (worn)
 A - a +0 pair of boots of flying (worn)
 B - a +3 kite shield of reflection (worn)
 R - a +2 hat (worn)
Jewellery
 l - a ring of poison resistance
 w - an amulet of magic regeneration
 C - a +4 ring of slaying (right hand)
 E - a +6 ring of strength (left hand)
 K - a +4 ring of evasion
 O - an amulet of guardian spirit (around neck)
 Q - the ring "Kokkaj" {rCorr Dex+2 Stlth+}
   (You found it on level 4 of the Depths)

   [ring of resist corrosion]

   Dex:       It affects your dexterity (+2).
   rCorr:     It protects you from acid and corrosion.
   Stlth:     It makes you more stealthy.
 V - a ring of see invisible
 W - a ring of positive energy
 X - the amulet of the Four Winds {rN+ Will+++ Clar}
   (You took it off a death knight on level 3 of the Crypt)

   [amulet of nothing]

   rN:        It protects you from negative energy.
   Clar:      It protects you against confusion.
   Will:      It greatly increases your willpower.
 Y - a ring of magical power
 Z - the ring "Dunkimif" {rC+ Dex+6 Slay+2}
   (You took it off a skeletal warrior on level 3 of the Crypt)

   [ring of dexterity]

   Dex:       It affects your dexterity (+6).
   Slay:      It affects your accuracy & damage with ranged weapons and melee
   (+2).
   rC:        It protects you from cold.
Wands
 a - a wand of flame (81) (quivered)
 d - a wand of paralysis (51)
 v - a wand of roots (27)
 z - a wand of digging (5)
 F - a wand of mindburst (48)
 G - a wand of acid (20)
 H - a wand of polymorph (6)
Scrolls
 c - a scroll of magic mapping
 e - 15 scrolls of teleportation
 f - 10 scrolls of poison
 g - 10 scrolls of amnesia
 i - 5 scrolls of fear
 P - 4 scrolls of butterflies
 T - 7 scrolls of immolation
 U - 6 scrolls of silence
Potions
 h - 15 potions of curing
 j - 5 potions of mutation
 k - 5 potions of ambrosia
 n - 2 potions of might
 q - 10 potions of brilliance
 s - 11 potions of lignification
 t - 3 potions of invisibility
 x - 8 potions of resistance
 I - 5 potions of cancellation
 J - 12 potions of attraction
 M - 5 potions of heal wounds
Miscellaneous
 m - a condenser vane
 u - a phantom mirror
 L - a box of beasts
 N - a lightning rod (4/4)
 S - the horn of Geryon (inert)


   Skills:
 O Level 27 Fighting
 O Level 27 Axes
 - Level 1.6 Throwing
 * Level 26.2 Armour
 - Level 2.4 Dodging
 - Level 0.5 Stealth
 * Level 25.7 Shields
 * Level 14.9 Evocations


You had 26 spell levels left.
You didn't know any spells.
Your spell library contained the following spells:

 Spells                   Type           Power      Damage    Failure   Level
 Apportation              Tloc           0%         N/A       90%         1
 Foxfire                  Conj/Fire      0%         2x1d4     90%         1
 Freeze                   Ice            0%         1d3       90%         1
 Magic Dart               Conj           0%         1d3       90%         1
 Necrotise                Necr           0%         1d4       90%         1
 Sting                    Tmut/Pois      0%         1d3       90%         1
 Summon Small Mammal      Summ           0%         N/A       90%         1
 Blink                    Tloc           0%         N/A       97%         2
 Call Imp                 Summ           0%         N/A       97%         2
 Ensorcelled Hibernation  Hex/Ice        0%         N/A       97%         2
 Passwall                 Tmut/Erth      0%         N/A       97%         2
 Poisonous Vapours        Pois/Air       0%         N/A       97%         2
 Searing Ray              Conj           0%         2d4       97%         2
 Sublimation of Blood     Necr           0%         N/A       97%         2
 Call Canine Familiar     Summ           0%         N/A       99%         3
 Conjure Flame            Conj/Fire      0%         6-21      99%         3
 Dazzling Flash           Conj/Hex       0%         N/A       99%         3
 Frozen Ramparts          Ice            0%         1d1       99%         3
 Ignite Poison            Fire/Tmut/Pois 0%         N/A       99%         3
 Inner Flame              Hex/Fire       0%         N/A       99%         3
 Mephitic Cloud           Conj/Pois/Air  0%         N/A       99%         3
 Ozocubu's Armour         Ice            0%         N/A       99%         3
 Portal Projectile        Hex/Tloc       0%         N/A       99%         3
 Stone Arrow              Conj/Erth      0%         3d7       99%         3
 Summon Guardian Golem    Hex/Summ       0%         N/A       99%         3
 Swiftness                Air            0%         N/A       99%         3
 Tukima's Dance           Hex            0%         N/A       99%         3
 Vampiric Draining        Necr           0%         2d6       99%         3
 Anguish                  Hex/Necr       0%         N/A       100%        4
 Animate Armour           Summ/Erth      0%         N/A       100%        4
 Cause Fear               Hex            0%         N/A       100%        4
 Dispel Undead            Necr           0%         3d6       100%        4
 Flame Wave               Conj/Fire      0%         2d4       100%        4
 Fulminant Prism          Conj/Hex       0%         3d6       100%        4
 Hailstorm                Conj/Ice       0%         3d3       100%        4
 Ice Form                 Ice/Tmut       0%         N/A       100%        4
 Iskenderun's Mystic Bla  Conj/Tloc      0%         2d3       100%        4
 Leda's Liquefaction      Hex/Erth       0%         N/A       100%        4
 Olgreb's Toxic Radiance  Pois           0%         N/A       100%        4
 Passage of Golubria      Tloc           0%         N/A       100%        4
 Petrify                  Tmut/Erth      0%         N/A       100%        4
 Summon Ice Beast         Ice/Summ       0%         N/A       100%        4
 Agony                    Necr           0%         N/A       100%        5
 Alistair's Intoxication  Tmut/Pois      0%         N/A       100%        5
 Fireball                 Conj/Fire      0%         3d3       100%        5
 Freezing Cloud           Conj/Ice/Air   0%         6-21      100%        5
 Irradiate                Conj/Tmut      0%         3d11      100%        5
 Iskenderun's Battlesphe  Conj           0%         2d6       100%        5
 Lee's Rapid Deconstruct  Erth           0%         3d5*      100%        5
 Manifold Assault         Tloc           0%         N/A       100%        5
 Metabolic Englaciation   Hex/Ice        0%         N/A       100%        5
 Silence                  Hex/Air        0%         N/A       100%        5
 Summon Forest            Summ/Tloc      0%         N/A       100%        5
 Summon Mana Viper        Hex/Summ       0%         N/A       100%        5
 Yara's Violent Unravell  Hex/Tmut       0%         3d3       100%        5
 Conjure Ball Lightning   Conj/Air       0%         3x3d6     100%        6
 Death Channel            Necr           0%         N/A       100%        6
 Eringya's Noxious Bog    Tmut/Pois      0%         N/A       100%        6
 Iron Shot                Conj/Erth      0%         9d1       100%        6
 Statue Form              Tmut/Erth      0%         N/A       100%        6
 Summon Cactus Giant      Summ           0%         N/A       100%        6
 Dragon Form              Tmut           0%         N/A       100%        7
 Enfeeble                 Hex            0%         N/A       100%        7
 Monstrous Menagerie      Summ           0%         N/A       100%        7
 Orb of Destruction       Conj           0%         9d5       100%        7
 Ozocubu's Refrigeration  Ice            0%         4d7       100%        7
 Spellforged Servitor     Conj/Summ      0%         N/A       100%        7
 Storm Form               Tmut/Air       0%         N/A       100%        7
 Summon Hydra             Summ           0%         N/A       100%        7
 Lehudib's Crystal Spear  Conj/Erth      0%         10d2      100%        8
 Maxwell's Capacitive Co  Air            0%         ∞         100%        8
 Dragon's Call            Summ           0%         N/A       100%        9
 Corpse Rot               Necr/Pois/Air  Unusable   N/A       N/A         4

Dungeon Overview and Level Annotations

Branches:
Dungeon (15/15)            Temple (1/1) D:4            Lair (5/5) D:8
  Swamp (4/4) Lair:2       Spider (4/4) Lair:3        Slime (0/5) Lair:5
    Orc (2/2) D:12            Elf (3/3) Orc:2        Vaults (5/5) D:13
  Crypt (3/3) Vaults:2       Tomb (1/3) Crypt:3      Depths (4/4) D:15
   Hell (visited)             Dis (0/7) Hell            Geh (0/7) Hell
    Coc (0/7) Hell            Tar (0/7) Hell            Zot (4/5) Depths:4
Ossuary (visited)          Bailey (visited)         Desolation (visited)

Altars:
Ashenzari
Cheibriados
Dithmenos
Elyvilon
Fedhas
Gozag
Hepliaklqana
Kikubaaqudgha
Makhleb
Nemelex Xobeh
Okawaru
Qazlal
Ru
Sif Muna
Trog
Uskayaw
Vehumet
Wu Jian
Xom
Yredelemnul
Zin
Jiyva

Shops:
D:1 (   D:5 =([   D:10 *   D:14 :   Orc:2 ![!*   Lair:5 ?*   Vaults:2 (
Depths:3 (?*[(

Portals:
Hell: Depths:1 Depths:2 Depths:3 Depths:4
Abyss: Depths:2 Depths:3
Pandemonium: Depths:1 Depths:2 Depths:3
Ziggurat: Depths:3

Annotations:
Vaults:3 3 transporters, Xafer's ghost, adept DsGl


Innate Abilities, Weirdness & Mutations

You have a pair of small antennae on your head.
You have sharp toenails.
You are mostly covered in iridescent scales. (AC +4)
You are agile. (Dex +4, Str/Int -1)
Your body sometimes deteriorates upon taking damage.
You have hidden genetic potential.


Message History

The orb of fire glows deep purple.
Strange energies course through your body.
You feel yourself wasting away.
Your hell beast bites the orb of fire but does no damage.
Your hell beast tramples the orb of fire but does no damage.
The orb of fire glows bright magenta.
The fireball explodes!
The fireball engulfs you!! The fireball engulfs your hell beast!!!
The fireball engulfs the orb of fire.
The orb of fire completely resists.
You see here 19 gold pieces.
Your hell beast bites the orb of fire!
Your hell beast tramples the orb of fire.
The orb of fire is shoved backwards!
The orb of fire glows yellow.
The bolt of fire hits the orb of fire.
The orb of fire completely resists.
The bolt of fire hits you!!!
Your hell beast closely misses the orb of fire.
Your hell beast barely misses the orb of fire.
Your hell beast misses the orb of fire.
Your hell beast closely misses the orb of fire.
There is a stone staircase leading up, spattered with blood here.
The orb of fire glows yellow.
The bolt of fire hits the orb of fire.
The orb of fire completely resists.
The bolt of fire hits you!!!
Your body deteriorates!
You feel weakened.
The orb of fire glows yellow.
The bolt of fire hits your hell beast!!
Your hell beast dies!
Your hell beast disappears in a puff of smoke!
The bolt of fire hits you!!!!
* * * LOW HITPOINT WARNING * * *
Your hell beast misses the orb of fire. x2
The orb of fire glows yellow.
The bolt of fire hits the orb of fire.
The orb of fire completely resists.
The bolt of fire hits you!!
* * * LOW HITPOINT WARNING * * *
The orb of fire glows bright magenta.
The bolt of fire hits you!!!
You die...
Your body crumbles into a pile of gold.

. .. ...####
....... .#
.......########..#
..........2.......
........).§*.*....
...##..#@$)####[..
#..#...# #..#####
#.$ #.. ###


You could see 2 orbs of fire and a friendly hell beast (summoned).

Vanquished Creatures
  A dread lich (Depths:1)
  Mara (Spider:3)
  A juggernaut (Depths:2)
  Mennas (Depths:4)
  A royal mummy (Tomb:1)
  Boris (Depths:3)
  The ghost of Newnyo the Minotaur Mishap, a veteran MiFi of Qazlal (Depths:4)
  Bai Suzhen (Vaults:3)
  Saint Roka (Orc:2)
  4 caustic shrikes
  The ghost of iamoutofideas the Conqueror, an adept HOBe of Trog (Depths:2)
  10 golden dragons
  A profane servitor (Crypt:3)
  4 bone dragons
  15 tentacled monstrosities
  2 electric golems (Zot:2)
  Jorgrun (D:13)
  A walking crystal tome (Depths:4)
  4 quicksilver dragons
  10 liches
  A deep elf blademaster (Elf:2)
  Mlioglotl (Spider:1)
  4 titans
  4 death cobs
  3 ancient champions
  Frances (Spider:1)
  A thorn hunter (Swamp:3)
  9 sphinxes
  13 storm dragons
  5 tengu reavers
  Kirke (D:15)
  A fire giant (shapeshifter) (Vaults:5)
  10 shadow dragons
  8 draconian knights
  A fenstrider witch (Swamp:4)
  3 draconian monks
  4 revenants
  Donald (Swamp:2)
  2 emperor scorpions (Spider:3)
  5 iron dragons
  6 frost giants
  Roxanne (Elf:1)
  3 fire giants
  4 draconian scorchers
  3 deep elf sorcerers
  4 ghost moths
  An imperial myrmidon (Desolation)
  7 vault wardens
  Aizul (Elf:2)
  2 balrugs
  A draconian stormcaller (Zot:3)
  3 orc warlords
  A caustic shrike zombie (Crypt:3)
  4 draconian annihilators
  6 draconian shifters
  A spriggan defender (Depths:4)
  Louise (Depths:2)
  A deep elf elementalist (Elf:3)
  2 reapers (Hell)
  2 curse skulls (Crypt:3)
  17 ghouls
  4 war gargoyles
  A juggernaut zombie (Crypt:2)
  31 very ugly things
  16 ironbound preservers
  13 stone giants
  5 ironbound thunderhulks
  8 black draconians
  9 vampire knights
  7 green draconians
  3 deep elf demonologists
  8 eleionomae
  Azrael (D:15)
  2 bennus (Tomb:1)
  9 entropy weavers
  The ghost of Myw Turph the Impaler, a journeyman MfMo of Trog (Lair:2)
  2 deep elf annihilators
  2 lorocyprocas (Depths:3)
  4 bunyips
  6 red draconians
  4 dire elephants (Vaults:2)
  5 purple draconians
  11 yellow draconians
  The ghost of Ciovowug the Fighter, a journeyman DrTm of Ashenzari (Lair:2)
  9 white draconians
  13 spark wasps
  6 eidola
  7 mummy priests
  A green death (Hell)
  The ghost of Puri the Nimble, a journeyman MfIE of Ru (Lair:2)
  13 ettins
  A blizzard demon (Depths:1)
  8 jiangshi
  3 yaktaur captains
  4 deep elf high priests
  A crystal guardian (Vaults:1)
  7 fire dragons
  5 deep elf death magi
  6 great orbs of eyes
  14 ice dragons
  A shambling mangrove (Swamp:4)
  2 ragged hierophants
  Josephine (D:15)
  A servant of whispers (Desolation)
  A hydra (shapeshifter) (Vaults:5)
  4 peacekeepers
  A hell beast (Depths:1)
  3 rakshasas
  3 spriggan zombies (Crypt:3)
  12 hydras
  15 vault guards
  A caustic shrike simulacrum (Depths:2)
  A ghost crab (Swamp:4)
  6 boulder beetles
  34 two-headed ogres
  2 spriggan air magi
  3 radroaches
  2 jorogumos
  8 ironbound frosthearts
  8 ogre magi
  6 centaur warriors
  The ghost of Pekhoexymp the Thaumaturge, a journeyman DEHW of Sif Muna (Lair:2)
  5 alligators (Swamp:4)
  A satyr (shapeshifter) (Depths:4)
  21 dancing weapons
  An anaconda (shapeshifter) (Vaults:5)
  A two-headed ogre (shapeshifter) (Vaults:4)
  9 tengu warriors
  5 death knights
  6 death scarabs (Tomb:1)
  5 deep troll earth magi
  Erica (Lair:1)
  9 deep troll shamans
  2 spriggan berserkers
  5 vampire magi
  3 titan zombies
  Urug (Lair:3)
  13 deep elf knights
  4 hell hogs
  3 hell knights
  9 soul eaters
  A sun moth (Spider:4)
  7 pharaoh ants
  47 skeletal warriors
  3 titan skeletons
  15 iron trolls
  3 storm dragon skeletons
  2 anaconda zombies (Crypt:3)
  The ghost of lotum the Geomancer, a novice GrEE of Vehumet (Lair:1)
  A bunyip zombie (Crypt:3)
  5 shadow wraiths
  2 spriggan druids
  59 deep trolls
  8 goliath frogs
  A golden dragon zombie (Depths:2)
  3 glowing orange brains
  6 orb spiders
  10 flayed ghosts
  3 swamp dragons
  4 bog bodies
  7 wizards
  Pikel (D:6)
  An iron giant skeleton (Hell)
  8 steelbarb worms
  An anaconda skeleton (Tomb:1)
  8 deep elf archers
  A tengu zombie (Depths:1)
  6 orc knights
  21 ironbound convokers
  A golden dragon skeleton (Crypt:2)
  22 deep elf zephyrmancers
  A sphinx zombie (Depths:2)
  18 lindwurms
  6 necromancers
  25 phantasmal warriors
  14 wolf spiders
  21 deep elf pyromancers
  2 orc sorcerers
  3 fire giant zombies
  2 manticores
  An oklob plant (Lair:5)
  2 iron dragon skeletons
  5 cyclopes
  A sphinx skeleton (Depths:2)
  A salamander (shapeshifter) (Depths:4)
  2 tengu skeletons
  39 ugly things
  5 elephants (Lair:2)
  2 stone giant zombies (Crypt:3)
  6 will-o-the-wisps
  2 stone giant skeletons
  6 human skeletons
  10 rust devils
  4 centaur zombies (Crypt:3)
  20 vault sentinels
  11 black mambas
  A frost giant skeleton (Vaults:2)
  A guardian serpent (Desolation)
  15 moths of wrath
  2 dire elephant zombies
  Maurice (D:8)
  An ice statue (Hell)
  2 fire giant skeletons (Vaults:4)
  7 molten gargoyles
  3 smoke demons (Hell)
  A shock serpent skeleton (Crypt:1)
  2 unseen horrors
  2 orange demons (Depths:3)
  6 cane toads
  2 gargoyles
  7 torpor snails
  A death yak zombie (Crypt:2)
  18 demonic crawlers
  12 freezing wraiths
  10 ice devils
  2 sea snake zombies (Hell)
  A rime drake (Lair:5)
  A tormentor (Depths:3)
  A death yak skeleton (Crypt:1)
  3 kobold demonologists
  14 komodo dragons
  11 guardian mummies
  An anaconda simulacrum (Hell)
  A yaktaur skeleton (Vaults:4)
  14 yaktaurs
  2 red devils
  3 harpy zombies
  A bloated husk (Swamp:1)
  A hellwing (Depths:3)
  2 sea snake skeletons (Hell)
  4 tengu conjurers
  A hydra zombie (Hell)
  16 tarantellas
  2 trolls
  7 tyrant leeches
  10 meliai
  Grinder (D:3)
  4 hydra skeletons
  A moth of wrath zombie (Crypt:1)
  Prince Ribbit (D:6)
  16 slime creatures
  13 hornets
  A tarantella (shapeshifter) (Vaults:5)
  17 blink frogs
  2 alligator zombies (Hell)
  3 dream sheep (Lair:2)
  12 saltlings
  A harpy skeleton (Crypt:2)
  31 jumping spiders
  11 culicivoras
  6 water elementals
  10 spriggans
  2 air elementals (Elf:3)
  13 flying skulls
  12 wraiths
  7 ushabtiu (Tomb:1)
  65 yaks
  3 wyverns
  4 shadows
  A vampire (D:10)
  A hog (D:15)
  7 basilisks
  6 fire elementals
  4 steam dragons
  A neqoxec (Depths:3)
  A wind drake skeleton (Crypt:2)
  73 redbacks
  A human (shapeshifter) (Elf:3)
  5 swamp worm simulacra (Swamp:4)
  An elf skeleton (Vaults:2)
  16 vampire mosquitoes
  A chaos spawn (Depths:2)
  9 swamp worms
  2 naga zombies
  5 wargs
  An acid dragon (D:8)
  2 glowing shapeshifter zombies
  14 hydra simulacra (Swamp:4)
  14 water moccasins
  8 hell hounds
  A floating eye (Depths:4)
  39 orc warriors
  3 swamp drakes
  4 black bears
  3 sky beasts
  An ice beast (D:5)
  26 ogres
  9 wolves
  5 boggarts
  18 centaurs
  3 phantoms
  A kobold brigand (D:9)
  2 lemures (D:6)
  14 bullfrogs
  A bullfrog (shapeshifter) (Vaults:5)
  A gnoll sergeant (D:7)
  17 necrophages
  2 scorpions (D:4)
  A cyclops zombie (Crypt:2)
  4 water moccasin zombies (Ossuary)
  5 earth elementals
  8 wyvern skeletons (Crypt:3)
  A raiju zombie (Crypt:2)
  13 wights
  6 killer bees
  A shapeshifter skeleton (Crypt:2)
  A queen bee zombie (Crypt:1)
  6 howler monkeys
  6 electric eels
  5 lava snakes (Lair:5)
  A jelly (D:4)
  12 orc priests
  3 hounds
  2 gnoll boudas
  6 iguanas
  20 orc wizards
  A deep dwarf skeleton (Crypt:1)
  20 mummies
  21 gnolls
  11 adders
  A steam dragon skeleton (Crypt:1)
  A shadow imp (D:5)
  3 white imps
  A howler monkey simulacrum (D:8)
  3 swamp drake simulacra (Swamp:4)
  9 adder zombies (Ossuary)
  3 worms
  3 dart slugs
  88 orcs
  5 ball pythons
  4 bats
  8 endoplasms
  2 giant cockroaches
  2 gnoll zombies (Ossuary)
  8 goblins
  11 hobgoblins
  19 jackals
  3 quokkas
  6 frilled lizards
  A goblin zombie (D:4)
  2 hobgoblin zombies (Ossuary)
  6 kobolds
  4 kobold zombies (Ossuary)
  3 orc zombies (Ossuary)
  6 rats
  A rat zombie (D:4)
  A river rat zombie (Crypt:2)
  A spectral orc (D:9)
  17 bushes (Depths:4)
2277 creatures vanquished.

Vanquished Creatures (collateral kills)
  An orb of fire (Zot:2)
  Geryon (Hell)
  A deep elf master archer (Elf:3)
  2 sphinxes (Vaults:5)
  A storm dragon (Zot:4)
  3 deep elf sorcerers (Elf:3)
  A vault warden (Vaults:5)
  2 ettins (Vaults:5)
  5 vault guards (Vaults:5)
  A shadow wraith (Vaults:5)
  2 hell knights (Vaults:5)
  A flayed ghost (Hell)
  An ironbound convoker (Vaults:5)
  4 deep elf zephyrmancers (Elf:3)
  A necromancer (Vaults:5)
  4 deep elf pyromancers (Elf:3)
31 creatures vanquished.

Vanquished Creatures (others)
  An ancient lich (Vaults:5)
  A golden dragon (Vaults:5)
  A titan (Vaults:5)
  A tengu reaver (Vaults:5)
  A shadow dragon (Vaults:5)
  A fire giant (Vaults:5)
  An ironbound preserver (Vaults:5)
  5 deep elf demonologists (Elf:3)
  A draconian annihilator (Zot:2)
  3 stone giants (Vaults:5)
  4 deep elf annihilators (Elf:3)
  A deep elf death mage (Elf:3)
  A great orb of eyes (Vaults:5)
  2 yaktaur captains
  10 vault guards (Vaults:5)
  An ogre mage (Vaults:5)
  A spriggan (Swamp:4)
  6 deep elf knights (Elf:3)
  A deep troll (Vaults:5)
  A goliath frog (Swamp:4)
  A deep elf archer (Elf:3)
  2 wizards
  3 deep elf pyromancers (Elf:3)
  2 ironbound convokers (Vaults:5)
  3 deep elf zephyrmancers (Elf:3)
  3 ugly things (D:15)
  A black mamba (shapeshifter) (Vaults:5)
  3 yaktaurs (Vaults:5)
  4 bloated husks
  A hornet (Swamp:4)
  A culicivora (Spider:3)
  An ushabti (Tomb:1)
  3 humans (D:15)
  A warg (Vaults:5)
  An orc warrior (D:6)
  2 boggarts (D:15)
  An orc priest (D:8)
  An orc wizard (D:9)
  An orc (Bailey)
  38 bushes (Depths:4)
  35 foxfires
  10 fungi
  46 plants
  17 withered plants
225 creatures vanquished.

Grand Total: 2533 creatures vanquished

Notes
Turn   | Place    | Note
-------+----------+-------------------------------------------
     0 | D:1      | retardedninja the Hill Orc Fighter began the quest for the
                  | Orb.
     0 | D:1      | Reached XP level 1. HP: 19/19 MP: 1/1
   350 | D:1      | Reached XP level 2. HP: 27/27 MP: 2/2
   413 | D:1      | Found Pammuef's Antique Weapon Emporium.
   692 | D:1      | Reached XP level 3. HP: 33/33 MP: 3/3
   941 | D:1      | Found a faded altar of an unknown god.
  1320 | D:2      | Identified the +1 scale mail of the Apprentice {*Corrode
                  | Str+5 Int+8 SInv}
  1332 | D:2      | Reached XP level 4. HP: 35/40 MP: 4/4
  2008 | D:2      | Reached XP level 5. HP: 46/46 MP: 5/5
  2014 | D:2      | Reached skill level 5 in Axes
  2234 | D:3      | Noticed a phantom
  2252 | D:3      | Killed a phantom
  2253 | D:3      | Reached XP level 6. HP: 45/53 MP: 6/6
  2301 | D:3      | Found a large runed translucent door.
  2302 | D:3      | Found a large runed translucent door.
  2490 | D:3      | Noticed Grinder
  2498 | D:3      | Paralysed by Grinder for 5 turns
  2503 | D:3      | Killed Grinder
  2504 | D:3      | Reached skill level 5 in Fighting
  2504 | D:3      | Reached XP level 7. HP: 43/61 MP: 7/7
  3276 | D:3      | Found a shimmering blue altar of Sif Muna.
  3279 | D:3      | Found a sparkling altar of Nemelex Xobeh.
  3457 | D:4      | Reached skill level 1 in Dodging
  3592 | D:4      | Found a staircase to the Ecumenical Temple.
  3716 | D:4      | Found a sand-covered staircase.
  3723 | Ossuary  | Entered an ossuary
  3871 | Ossuary  | Reached skill level 5 in Armour
  3871 | Ossuary  | Reached XP level 8. HP: 61/69 MP: 8/8
  4236 | Temple   | Entered the Ecumenical Temple
  4245 | Temple   | Became a worshipper of Gozag Ym Sagoz the Greedy
  4793 | D:5      | Entered Level 5 of the Dungeon
  4938 | D:5      | Found Daen's Antique Armour Shop.
  5053 | D:5      | Reached skill level 10 in Axes
  5418 | D:5      | Found Xuownahure's Antique Weapon Emporium.
  5506 | D:5      | Found Anuqinud's Jewellery Shop.
  5643 | D:5      | Reached XP level 9. HP: 77/77 MP: 9/9
  5756 | D:6      | Noticed Pikel
  5777 | D:6      | Killed Pikel
  5778 | D:6      | Reached skill level 5 in Shields
  5913 | D:6      | Noticed Prince Ribbit
  5941 | D:6      | Killed Prince Ribbit
  6451 | D:6      | Found a shimmering altar of Xom.
  7241 | D:1      | Bought a glowing war axe for 104 gold pieces
  7433 | D:5      | Bought an embroidered cloak for 172 gold pieces
  7433 | D:5      | Bought a helmet for 103 gold pieces
  7524 | D:6      | Reached XP level 10. HP: 86/88 MP: 10/10
  7550 | D:7      | Identified a scroll of acquirement
  7550 | D:7      | Acquired the +7 crystal plate armour of the Lute {rC+
                  | rCorr}
  8100 | D:7      | Found a flagged portal.
  8124 | Bailey   | Entered a bailey
 10292 | Bailey   | Reached skill level 1 in Evocations
 10310 | Bailey   | Reached XP level 11. HP: 36/99 MP: 11/11
 10949 | Bailey   | Identified the +9 morningstar "Spider's Demise" {spect,
                  | Will+ Int+8 Dex-5}
 10950 | Bailey   | Reached skill level 10 in Fighting
 10950 | Bailey   | Reached skill level 15 in Axes
 10950 | Bailey   | Reached XP level 12. HP: 108/108 MP: 12/12
 11408 | D:8      | Reached skill level 10 in Armour
 11417 | D:8      | Identified the +8 arbalest of Departure {vorpal, rElec rF-
                  | rN+ Int+8}
 11531 | D:8      | Noticed Maurice
 11539 | D:8      | Killed Maurice
 12110 | D:8      | Found a staircase to the Lair.
 12574 | D:9      | Noticed a two-headed ogre
 12632 | D:9      | Noticed a soul eater
 12690 | Lair:1   | Entered Level 1 of the Lair of Beasts
 12837 | Lair:1   | Noticed a boulder beetle
 12861 | Lair:1   | Killed a boulder beetle
 13493 | Lair:1   | Found a runed translucent door.
 13497 | Lair:1   | Noticed lotum's ghost (novice GrEE)
 14340 | Lair:1   | Noticed Erica
 14351 | Lair:1   | Killed Erica
 14861 | Lair:1   | Killed lotum's ghost
 15187 | Lair:2   | Found a staircase to the Swamp.
 15193 | Lair:2   | Found a runed translucent gate.
 15195 | Lair:2   | Found a runed translucent gate.
 15250 | Lair:2   | Reached XP level 13. HP: 96/118 MP: 13/13
 16048 | Lair:2   | Found a runed translucent gate.
 16049 | Lair:2   | Noticed Pekhoexymp's ghost (journeyman DEHW)
 16050 | Lair:2   | Noticed Puri's ghost (journeyman MfIE)
 16051 | Lair:2   | Noticed Myw Turph's ghost (journeyman MfMo)
 16059 | Lair:2   | Noticed Ciovowug's ghost (journeyman DrTm)
 16504 | Lair:2   | Reached XP level 14. HP: 129/129 MP: 14/14
 17034 | Lair:3   | Found a hole to the Spider Nest.
 17703 | Lair:3   | You fall into a shaft and drop 2 floors!
 17703 | Lair:5   | Entered Level 5 of the Lair of Beasts
 17762 | Lair:5   | Found a staircase to the Slime Pits.
 17765 | Lair:5   | Found a viscous altar of Jiyva.
 17830 | Lair:4   | Reached skill level 10 in Shields
 17977 | Lair:3   | Noticed Urug
 17990 | Lair:3   | Killed Urug
 20583 | Lair:5   | Reached XP level 15. HP: 136/139 MP: 15/15
 20804 | Lair:5   | Found a large runed translucent door.
 20806 | Lair:5   | Found a large runed translucent door.
 20960 | Lair:5   | Reached skill level 15 in Fighting
 22270 | Lair:5   | Gained mutation: You are frail. (-10% HP) [potion of
                  | mutation]
 22270 | Lair:5   | Gained mutation: You are occasionally teleported next to
                  | monsters. [potion of mutation]
 22270 | Lair:5   | Gained mutation: You have a pair of small antennae on your
                  | head. [potion of mutation]
 22271 | Lair:5   | Lost mutation: You have a pair of small antennae on your
                  | head. [potion of mutation]
 22271 | Lair:5   | Lost mutation: You are occasionally teleported next to
                  | monsters. [potion of mutation]
 22271 | Lair:5   | Gained mutation: You occasionally lose the ability to read
                  | scrolls when taking damage. [potion of mutation]
 22271 | Lair:5   | Gained mutation: You have a pair of small horns on your
                  | head. [potion of mutation]
 22271 | Lair:5   | Gained mutation: You sometimes lose your temper in combat.
                  | [potion of mutation]
 22447 | Lair:5   | Bought a scroll of enchant armour for 127 gold pieces
 22447 | Lair:5   | Bought a scroll of enchant armour for 127 gold pieces
 22607 | Lair:5   | Found an ornate altar of the Wu Jian Council.
 23360 | D:9      | Found a basalt altar of Yredelemnul.
 23448 | D:10     | Entered Level 10 of the Dungeon
 23510 | D:10     | Found Gidiz's Assorted Antiques.
 23540 | D:10     | Bought a potion of might for 108 gold pieces
 23540 | D:10     | Bought a wand of flame (11) for 207 gold pieces
 23540 | D:10     | Bought a scroll of blinking for 202 gold pieces
 23878 | D:10     | Identified the ring of Xeshun {rC+ Str+3}
 24358 | D:11     | Identified the +3 leather armour of Ximmivaf {rC+ Dex+5}
 25063 | D:12     | Found a staircase to the Orcish Mines.
 25756 | Orc:1    | Entered Level 1 of the Orcish Mines
 25918 | Orc:1    | Noticed an orc warlord
 25918 | Orc:1    | Noticed an orc warlord
 26050 | Orc:1    | Killed an orc warlord
 26051 | Orc:1    | Reached skill level 15 in Armour
 26057 | Orc:1    | Killed an orc warlord
 26251 | Orc:2    | Entered Level 2 of the Orcish Mines
 26252 | Orc:2    | Paralysed by an orc sorcerer for 4 turns
 26426 | Orc:2    | Noticed Saint Roka
 26459 | Orc:2    | Killed Saint Roka
 26746 | Orc:2    | Found Gyroxep's Armour Emporium.
 26746 | Orc:2    | Found Azypres's Assorted Antiques.
 26746 | Orc:2    | Found Yhaomi's Distillery.
 26746 | Orc:2    | Found Hueff's Distillery.
 26760 | Orc:2    | Reached XP level 16. HP: 136/136 MP: 16/16
 26846 | Orc:2    | Bought a potion of mutation for 104 gold pieces
 26848 | Orc:2    | Lost mutation: You occasionally lose the ability to read
                  | scrolls when taking damage. [potion of mutation]
 26848 | Orc:2    | Lost mutation: You sometimes lose your temper in combat.
                  | [potion of mutation]
 26848 | Orc:2    | Lost mutation: You have a pair of small horns on your head.
                  | [potion of mutation]
 26848 | Orc:2    | Gained mutation: Your spells are a little harder to cast,
                  | but a little more powerful. [potion of mutation]
 26848 | Orc:2    | Gained mutation: You do not regenerate when monsters are
                  | visible. [potion of mutation]
 26857 | Orc:2    | Bought a +0 pair of boots of flying for 184 gold pieces
 26863 | Orc:2    | Bought a potion of curing for 57 gold pieces
 27159 | Orc:2    | Bought a potion of heal wounds for 65 gold pieces
 27159 | Orc:2    | Bought a potion of invisibility for 104 gold pieces
 27159 | Orc:2    | Bought a potion of haste for 130 gold pieces
 27159 | Orc:2    | Bought a potion of haste for 130 gold pieces
 27209 | Orc:2    | Found a staircase to the Elven Halls.
 28071 | D:13     | Noticed Jorgrun
 28082 | D:13     | Killed Jorgrun
 28525 | D:13     | Found a gate to the Vaults.
 28986 | D:12     | Reached XP level 17. HP: 97/146 MP: 17/17
 29669 | D:13     | You are sucked into a shaft and drop 1 floor!
 30391 | D:14     | Found a glowing silver altar of Zin.
 30851 | D:14     | Found Doink's Book Emporium.
 31240 | D:15     | Entered Level 15 of the Dungeon
 32432 | D:15     | Noticed Josephine
 32449 | D:15     | Killed Josephine
 32552 | D:15     | Reached XP level 18. HP: 155/155 MP: 18/18
 32762 | D:15     | Found a staircase to the Depths.
 32801 | D:15     | Noticed Kirke
 33222 | D:15     | Killed Kirke
 33490 | D:15     | Noticed Azrael
 33504 | D:15     | Killed Azrael
 34285 | Swamp:1  | Entered Level 1 of the Swamp
 36641 | Swamp:2  | Found the +8 longbow "Zephyr" {speed, Dex+3 SInv}
 37548 | Swamp:2  | Identified the +6 ring mail "Qupsas" {-Tele rF+ Str+6}
 37722 | Swamp:2  | Found a basalt altar of Yredelemnul.
 38219 | Swamp:3  | Noticed Donald
 38277 | Swamp:2  | Lost mutation: You do not regenerate when monsters are
                  | visible. [potion of mutation]
 38277 | Swamp:2  | Lost mutation: Your spells are a little harder to cast, but
                  | a little more powerful. [potion of mutation]
 38277 | Swamp:2  | Gained mutation: You passively dampen the noise of your
                  | surroundings. [potion of mutation]
 38277 | Swamp:2  | Gained mutation: You are somewhat resistant to further
                  | mutation. [potion of mutation]
 38297 | Swamp:2  | Killed Donald
 39473 | Swamp:4  | Entered Level 4 of the Swamp
 40956 | Swamp:4  | Lost mutation: You passively dampen the noise of your
                  | surroundings. [potion of mutation]
 40956 | Swamp:4  | Lost mutation: You are somewhat resistant to further
                  | mutation. [potion of mutation]
 40956 | Swamp:4  | Gained mutation: You are agile. (Dex +4, Str/Int -1)
                  | [potion of mutation]
 40956 | Swamp:4  | Gained mutation: You have sharp toenails. [potion of
                  | mutation]
 40956 | Swamp:4  | Gained mutation: You have hidden genetic defects. [potion
                  | of mutation]
 40956 | Swamp:4  | Gained mutation: You possess an exceptional clarity of
                  | mind. [potion of mutation]
 41096 | Swamp:4  | Lost mutation: You have hidden genetic defects. [potion of
                  | mutation]
 41096 | Swamp:4  | Lost mutation: You possess an exceptional clarity of mind.
                  | [potion of mutation]
 41096 | Swamp:4  | Lost mutation: You are frail. (-10% HP) [potion of
                  | mutation]
 41096 | Swamp:4  | Gained mutation: You are partially covered in iridescent
                  | scales. (AC +2) [potion of mutation]
 41096 | Swamp:4  | Gained mutation: You are mostly covered in iridescent
                  | scales. (AC +4) [potion of mutation]
 41096 | Swamp:4  | Gained mutation: You have a pair of small antennae on your
                  | head. [potion of mutation]
 41724 | Swamp:4  | Got a decaying rune of Zot
 42274 | Elf:1    | Entered Level 1 of the Elven Halls
 42315 | Elf:1    | Reached XP level 19. HP: 123/184 MP: 19/19
 42734 | Elf:1    | Noticed Roxanne
 43051 | Spider:1 | Entered Level 1 of the Spider Nest
 43668 | Spider:1 | Noticed Frances
 43676 | Spider:1 | Killed Frances
 44062 | Spider:1 | Noticed Mlioglotl
 44071 | Spider:1 | Killed Mlioglotl
 48381 | Spider:4 | Entered Level 4 of the Spider Nest
 48392 | Spider:3 | Reached skill level 15 in Shields
 48409 | Spider:4 | Noticed Mara
 48430 | Spider:4 | Noticed retardedninja's illusion
 48644 | Spider:3 | Killed Mara
 50292 | Spider:3 | Reached XP level 20. HP: 86/198 MP: 20/20
 52170 | Spider:4 | Got a gossamer rune of Zot
 53235 | Lair:2   | Killed Pekhoexymp's ghost
 53236 | Lair:2   | Killed Ciovowug's ghost
 53244 | Lair:2   | Killed Myw Turph's ghost
 53250 | Lair:2   | Killed Puri's ghost
 54948 | Elf:1    | Killed Roxanne
 55111 | Elf:2    | Found a runed translucent gate.
 55111 | Elf:2    | Found a runed translucent gate.
 55115 | Elf:2    | Found a runed translucent gate.
 55917 | D:5      | Bought an amulet of guardian spirit for 360 gold pieces
 57372 | Elf:2    | Noticed Aizul
 57392 | Elf:2    | Killed Aizul
 58309 | Elf:3    | Entered Level 3 of the Elven Halls
 58353 | Elf:3    | Identified the +11 mace of Trial by Ordeal {vorpal, rElec}
 58733 | Elf:3    | Paralysed by an air elemental for 1 turns
 58735 | Elf:3    | Paralysed by an air elemental for 1 turns
 58737 | Elf:3    | Paralysed by an air elemental for 1 turns
 58744 | Elf:3    | Paralysed by an air elemental for 1 turns
 59127 | Elf:3    | Paralysed by an air elemental for 1 turns
 59134 | Elf:3    | Identified the +1 leather armour of the Sea {Str+7}
 60132 | Elf:3    | Identified the ring "Lusece" {+Blink rC+ Slay+4 Stlth+}
 60253 | Elf:3    | Identified the +11 mace "Xypuuj" {vorpal, +Blink rElec
                  | Str+3}
 60262 | Elf:3    | Identified the +4 quarterstaff "Ihedwuc" {elec, rC+ rN+
                  | Will+}
 60279 | Elf:3    | Got the Catalogue of Hexes
 60289 | Elf:3    | Identified the +1 spear of Kase {protect, Fragile +Blink
                  | rC+ Int+5}
 60300 | Elf:3    | Got the Vellum of Combat Magic and Vapour
 60542 | Vaults:1 | Entered Level 1 of the Vaults
 60564 | Vaults:1 | Reached XP level 21. HP: 176/207 MP: 17/21
 63500 | Vaults:2 | Found a staircase to the Crypt.
 63582 | Vaults:2 | Found Doc Hiwa's Weapon Boutique.
 64034 | Vaults:2 | Paralysed by a great orb of eyes for 3 turns
 65307 | Vaults:3 | Noticed Bai Suzhen
 65323 | Vaults:3 | Killed Bai Suzhen
 65787 | Vaults:3 | Noticed a dread lich
 65825 | Vaults:3 | Found a radiant altar of Vehumet.
 65829 | Vaults:3 | Found a transporter.
 65959 | Vaults:3 | Found a transporter.
 66005 | Vaults:3 | Noticed Xafer's ghost (adept DsGl)
 66013 | Vaults:3 | Found a transporter.
 66060 | Vaults:3 | Reached skill level 27 in Axes
 66331 | Vaults:3 | Identified the ring "Pelemm" {rElec Will- Dex+3 Slay+4
                  | SInv}
 66535 | Vaults:4 | Found a crumbling gateway.
 66547 | Desolati | Entered the Desolation of Salt
 66562 | Desolati | Reached XP level 22. HP: 216/220 MP: 20/22
 68732 | Vaults:4 | Identified the +5 chain mail "Jatuics" {SInv}
 69227 | Vaults:5 | Entered Level 5 of the Vaults
 69449 | Vaults:5 | Noticed a golden dragon
 69464 | Vaults:5 | Killed a golden dragon
 69725 | Vaults:5 | Noticed an ancient lich
 69792 | Vaults:5 | Killed a golden dragon
 71141 | Vaults:5 | Reached XP level 23. HP: 198/234 MP: 21/23
 71853 | Vaults:5 | Found the +9 staff of Wucad Mu {*channel}
 72041 | Vaults:5 | Identified the +0 robe of Bugobac {Slay+3}
 73315 | Vaults:5 | Identified the ring of the Gazing Enemy {rPois rN+ Int+3}
 73802 | Vaults:5 | Got a silver rune of Zot
 74126 | Crypt:1  | Entered Level 1 of the Crypt
 74217 | Crypt:1  | Paralysed by a vampire knight for 3 turns
 77187 | Crypt:3  | Entered Level 3 of the Crypt
 77374 | Crypt:3  | Reached skill level 27 in Fighting
 77644 | Crypt:3  | Reached XP level 24. HP: 160/236 MP: 20/23
 78012 | Crypt:3  | Found a staircase to the Tomb.
 78525 | Crypt:3  | Found a basalt altar of Yredelemnul.
 79680 | Crypt:3  | Identified the +1 robe of Itos {rElec}
 79680 | Crypt:3  | Identified the ring "Dunkimif" {rC+ Dex+6 Slay+2}
 80104 | Crypt:3  | Found the +8 Vampire's Tooth {vamp}
 80111 | Crypt:3  | Identified the +5 quick blade of the Lurker {flame, Int+4}
 80224 | Tomb:1   | Entered Level 1 of the Tomb of the Ancients
 82763 | Tomb:1   | Noticed a royal mummy
 82785 | Tomb:1   | Killed a royal mummy
 85612 | Depths:1 | Entered Level 1 of the Depths
 85721 | Depths:1 | Found a glowing silver altar of Zin.
 85905 | Depths:1 | Found a gateway to Hell.
 86372 | Depths:1 | Reached skill level 5 in Evocations
 86748 | Depths:1 | Found a one-way gate leading to the halls of Pandemonium.
 87620 | Depths:1 | Reached XP level 25. HP: 223/244 MP: 22/23
 87802 | Depths:2 | Found an opulent altar of Gozag.
 88368 | Depths:2 | Noticed a juggernaut
 88369 | Depths:2 | Noticed iamoutofideas's ghost (adept HOBe)
 88370 | Depths:2 | Found a runed translucent gate.
 88370 | Depths:2 | Found a runed translucent gate.
 88370 | Depths:2 | Found a runed translucent gate.
 88464 | Depths:2 | Noticed Louise
 88468 | Depths:2 | Found a one-way gate to the infinite horrors of the Abyss.
 88471 | Depths:2 | Killed Louise
 89487 | Depths:2 | Killed a juggernaut
 90018 | Depths:2 | Killed iamoutofideas's ghost
 90596 | Depths:2 | Found a hide-covered altar of Uskayaw.
 91125 | Depths:1 | Noticed a dread lich
 91126 | Depths:1 | Paralysed by a dread lich for 5 turns
 91138 | Depths:1 | Killed a dread lich
 92078 | Depths:3 | You are sucked into a shaft and drop 1 floor!
 92078 | Depths:4 | Entered Level 4 of the Depths
 92078 | Depths:4 | Noticed Mennas
 92744 | Depths:3 | Noticed Boris
 92755 | Depths:3 | Killed Boris
 93327 | Depths:3 | Found a one-way gateway to a ziggurat.
 94834 | Depths:4 | Reached XP level 26. HP: 108/266 MP: 8/23
 95365 | Depths:4 | Found a gate to the Realm of Zot.
 96612 | Depths:4 | Found a runed translucent door.
 96614 | Depths:4 | Noticed Newnyo's ghost (veteran MiFi)
 96901 | Depths:4 | Identified the ring "Kokkaj" {rCorr Dex+2 Stlth+}
 97311 | Depths:4 | Killed Mennas
 97836 | Depths:4 | Killed Newnyo's ghost
 98029 | Depths:3 | Bought a pair of embroidered gloves for 360 gold pieces
 98030 | Depths:3 | Bought a fading plate armour for 1344 gold pieces
 98030 | Depths:3 | Identified the +7 plate armour "Enkegoug" {rElec rC+
                  | Regen+} (You bought it in a shop on level 3 of the Depths)
 98035 | Depths:3 | Bought a scroll of fear for 96 gold pieces
 98035 | Depths:3 | Bought a scroll of butterflies for 96 gold pieces
 98035 | Depths:3 | Bought a scroll of enchant weapon for 180 gold pieces
 98035 | Depths:3 | Bought a scroll of summoning for 228 gold pieces
 98035 | Depths:3 | Bought a scroll of teleportation for 72 gold pieces
 98035 | Depths:3 | Bought a scroll of teleportation for 72 gold pieces
 98049 | Hell     | Entered the Vestibule of Hell
 98049 | Hell     | Noticed Geryon
 98809 | Depths:3 | Reached skill level 1 in Throwing
 99796 | Hell     | Killed Geryon
100179 | Hell     | Found a gateway to the ashen valley of Gehenna.
100349 | Hell     | Found a gateway to the Iron City of Dis.
100728 | Hell     | Found a gateway to the decaying netherworld of Tartarus.
100855 | Hell     | Found a gateway to the freezing wastes of Cocytus.
101021 | Zot:1    | Entered Level 1 of the Realm of Zot
101137 | Zot:1    | Identified the +8 shortbow "Cenuh" {freeze, rC+ rCorr Int+3
                  | Dex+3}
101954 | Zot:1    | Identified the +1 plate armour "Zeypah" {Harm Dex+7}
102913 | Zot:1    | You are sucked into a shaft and drop 1 floor!
102985 | Zot:2    | Reached skill level 10 in Evocations
102985 | Zot:2    | Reached XP level 27. HP: 180/273 MP: 19/23
106022 | Zot:2    | Identified the +8 rapier of Offence {vorpal, *Rage +Blink
                  | rN+ Stlth+}
106436 | Zot:2    | Identified the +2 robe of Happy Babbling {rC+ SInv}
108945 | Zot:3    | Identified the +8 chain mail of Bedevilment {rElec rCorr
                  | Str+4}
109209 | Zot:3    | Noticed an orb of fire
109213 | Zot:3    | Gained mutation: You have hidden genetic potential. [an orb
                  | of fire]
109232 | Zot:2    | Killed an orb of fire
114369 | Zot:4    | Noticed an orb of fire
114372 | Zot:4    | Noticed an orb of fire
114374 | Zot:4    | Gained mutation: Your body sometimes deteriorates upon
                  | taking damage. [an orb of fire]
114376 | Zot:4    | Killed from afar by an orb of fire

Illustrated notes

Levels and vault maps discovered:
D:1:      lightli_arrival_flooded_house, layout_basic, serial_shops, shop,
          chequers_ecumenical_altar_lobes
D:2:      layout_basic, kennysheep_generic_room_4
D:3:      layout_loops_ring, jmf_multi_god_temple2, serial_park_tiny_pond,
          uniq_grinder
D:4:      minmay_skewed_foursquare, layout_loops_ring,
          minmay_temple_entry_stoned_glass, gup_sewer_entry_glass,
          enter_ossuary_4
D:5:      layout_basic, serial_shops, nicolae_shop_behind_doors, shop,
          nicolae_shop_hallway_stairs, minmay_manual_mares
D:6:      layout_basic, xom_confusion_cloud, uniq_prince_ribbit1, uniq_pikel
D:7:      layout_cave_pools, enter_bailey_2
D:8:      minmay_the_grid_plus [minmay_the_grid_plusring,
          minmay_the_grid_dragon_b, minmay_the_grid_square_x,
          minmay_the_grid_stretched_grid, minmay_the_grid_prize_diamond_cup],
          layout_loops_ring, david_lair_shrubbed, uniq_maurice
D:9:      cheibrodos_fzero, layout_rooms, yredelemnul_forgotten_temple_becter,
          patterned_corridor
D:10:     layout_roguey, serial_shops, nicolae_shop_trees,
          kennysheep_nondescript
D:11:     layout_irregular_city, roderic_st_hans_cross
D:12:     layout_roguey, erik_orc_3
D:13:     layout_rooms, erik_vaults_1, uniq_jorgrun
D:14:     layout_roguey, serial_shops, nicolae_shop_advertising_works
          [nicolae_subvault_shop_adworks], lemuel_doored_altar, drop_trap
D:15:     hangedman_depths_entry_civil_slaughter, layout_loops_ring, pond,
          uniq_azrael, uniq_josephine, uniq_kirke
Temple:   dpeg_three_leaves_temple
Lair:1:   layout_layer_cave, ebering_ghost_reflecting_pool,
          chequers_serial_rivers_small_b, beast_lair_carwin_6,
          grunt_megastairs_1, serial_bayou_shore_a, uniq_erica
Lair:2:   layout_cave_pods, swamp_mist, serial_rivers,
          chequers_serial_rivers_small_b, chequers_serial_rivers_small_b,
          chequers_serial_rivers_small_b, chequers_serial_rivers_micro_e,
          chequers_serial_rivers_small_a, chequers_serial_rivers_small_3,
          gammafunk_ghost_cemetery, dreamdust_gnoll_shepherd
Lair:3:   layout_big_grid, nicolae_spider_entry_orb_guardian,
          gauntlet_entry_generic, uniq_urug
Lair:4:   layout_hall_layers, lemuel_fruit_fields, grunt_megastairs_5
Lair:5:   cheibrodos_lair_end_hotspot, layout_cave_pods,
          minmay_slime_entry_oklob_open, basic_altar
Swamp:1:  layout_basic_swamp, nicolae_swamp_ascending_descending
Swamp:2:  layout_basic_swamp, lemuel_altar_in_water
Swamp:3:  layout_basic_swamp, evilmike_swamp_ruin_house_6, uniq_donald
Swamp:4:  swamp_icy, layout_basic_swamp, swamp_pool1
Spider:1: layout_spider_delve, drop_trap, hive_lemuel, uniq_mlioglotl,
          uniq_frances
Spider:2: layout_spider_delve
Spider:3: layout_spider_delve
Spider:4: hellmonk_spider_rune_bug_friends, uniq_mara
Orc:1:    cheibrodos_orc_arena, layout_caves, portal_ice_cave_demonic_guard
Orc:2:    st_orc_ogre_mass, layout_caves, uniq_saint_roka
Elf:1:    eino_elf_arrival_the_gate, layout_geoelf_octagon,
          hangedman_elf_disciples, uniq_roxanne
Elf:2:    elven_hall_of_blades_hangedman_original [mumra_blade_entry_dagger],
          layout_gridlike, uniq_aizul
Elf:3:    elf_hall_gauntlet_narrow, layout_geoelf_grid, serial_shops,
          freezing_bzr, guppyfry_library_mini
Vaults:1: v_alt_pattern_3, vaults_mumra_chevron_long, v_misc_29,
          nicolae_vaults_network_star, grunt_vaults_focal, vaults_dpeg_doors,
          v_misc_4, ontoclasm_vaults_eye, nicolae_vaults_little_squares_1,
          hangedman_vaults_nails, layout_vaults_omnicross
Vaults:2: hangedman_vaults_corner, minmay_crypt_entry_skeletal_spiral,
          v_misc_14, hangedman_vaults_variations, v_misc_27,
          vaults_mumra_hexcomb, vaults_room_corners, vaults_dpeg_hooks,
          vaults_room_semicircle, nicolae_vaults_little_squares_2,
          nicolae_vaults_ring_of_whatevers, grunt_vaults_funnel,
          layout_vaults_big_room, serial_shops,
          nicolae_shop_bloodbath_and_beyond
Vaults:3: gammafunk_ghost_arena, ontoclasm_vaults_ligature,
          nicolae_vaults_little_squares_1, gammafunk_sealed_library, v_misc_16,
          nicolae_vaults_angled_halls, hangedman_vaults_slice, vaults_dpeg_ring,
          layout_vaults_omnigrid, uniq_bai_suzhen
Vaults:4: portal_desolation_entry_ruin, hangedman_vaults_capsules, v_misc_24,
          hangedman_vaults_snaps, vaults_dpeg_cross, hangedman_vaults_slither,
          v_pattern_3, nicolae_vaults_puzzle_piece,
          nicolae_vaults_little_squares_2, v_alt_pattern_2,
          ontoclasm_vaults_fault, ontoclasm_vaults_ring_small,
          nicolae_vaults_little_ls, layout_vaults_maze_bifur
Vaults:5
Crypt:1:  layout_basic, grunt_crypt_arrival_split
Crypt:2:  layout_gridlike, grunt_ministairs_11, minicrypt_bobbens
Crypt:3:  evilmike_haunted_forest
Tomb:1
Depths:1: layout_roguey [special_room_morgue], grunt_mini_vestibule,
          rand_demon_pan_entry_4, zin_treasury
Depths:2: regret_index_uskayaw_diablada_macabre, layout_basic,
          nicolae_gozag_seed_capital, nicolae_abyss_entry_one_way_or_another,
          grunt_pan_entry_zigzag, gammafunk_ghost_split, hell_entry
Depths:3: nicolae_whirlpool, layout_gridville, enter_ziggurat_a,
          grunt_pan_entry_sceptre, hell_entry, grunt_decor_resistance,
          abyss_entry, grunt_ministairs_5, infiniplex_staircase_door_maze,
          uniq_boris
Depths:4: grunt_zot_entry_bicorn, layout_honeycomb, ebering_ghost_inner_flame,
          grunt_hell_entry_dis_grunt, minmay_hedge_maze, onia_ninara_cookie,
          uniq_mennas
Hell
Zot:1:    layout_basic
Zot:2:    layout_onion_interference
Zot:3:    layout_twisted_circle
Zot:4:    layout_misc_corridors, lemuel_lake_of_fire, grunt_megastairs_3

Skill      XL: |  1  2  3  4  5  6  7  8  9 10 11 12 13 14 15 16 17 18 19 20 21 22 23 24 25 26 27 |
---------------+----------------------------------------------------------------------------------+-----
Fighting       | 4 5 6 7 9 10 12 13 14 16 17 18 19 21 22 23 25 27 | 27.0
Axes           | 3 4 6 7 8 10 13 14 15 17 18 19 20 21 22 24 25 27 | 27.0
Armour         | 4 5 6 8 9 11 12 13 15 16 18 19 20 21 23 25 26 | 26.2
Dodging        | 1 2 |  2.4
Shields        | 4 5 7 8 9 10 11 12 14 15 16 17 18 20 22 24 25 | 25.7
Evocations     | 1 4 5 10 14 | 14.9
Throwing       | 1 |  1.6
Stealth        | |  0.5

Action                   |  1- 3 |  4- 6 |  7- 9 | 10-12 | 13-15 | 16-18 | 19-21 | 22-24 | 25-27 || total
-------------------------+-------+-------+-------+-------+-------+-------+-------+-------+-------++-------
Melee: War axe           |    68 |    87 |   351 |   469 |   707 |  1012 |  1452 |  1682 |  1912 ||  7740
       Headbutt          |       |       |       |       |    72 |     9 |       |       |       ||    81
       Unarmed           |       |       |       |       |       |     2 |       |       |       ||     2
       Broad axe         |       |       |       |       |       |       |       |   234 |       ||   234
Throw: Throwing net      |       |       |     1 |       |       |       |       |       |       ||     1
Invok: Potion Petition   |       |       |       |       |     6 |     1 |     1 |     3 |     7 ||    18
       Call Merchant     |       |       |       |       |     2 |       |       |       |     5 ||     7
       Bribe Branch      |       |       |       |       |       |       |     1 |     1 |       ||     2
Evoke: Wand              |       |       |       |    19 |       |       |     7 |     5 |     1 ||    32
       Phantom mirror    |       |       |       |       |     1 |     1 |       |       |       ||     2
       Condenser vane    |       |       |       |       |     1 |       |       |       |     1 ||     2
       Horn of Geryon    |       |       |       |       |       |       |       |       |     4 ||     4
  Use: Potion            |       |     1 |     3 |    10 |    11 |    10 |     6 |    10 |     9 ||    60
       Scroll            |       |       |    12 |    13 |    13 |     6 |     7 |    17 |    18 ||    86
 Stab: Distracted        |       |       |       |     3 |     6 |    10 |    20 |    24 |    17 ||    80
       Invisible         |       |       |       |       |     6 |     2 |       |     8 |       ||    16
       Paralysed         |       |       |       |       |       |       |     2 |       |       ||     2
Armor: Scale mail        |    43 |    54 |   173 |       |       |       |       |       |       ||   270
       Chain mail        |       |       |     5 |       |       |       |       |       |       ||     5
       Crystal plate arm |       |       |       |   518 |   418 |   801 |  1245 |  1055 |  1155 ||  5192
Dodge: Dodged            |    34 |    40 |   133 |   152 |   224 |   329 |   497 |   351 |   472 ||  2232
Block: Buckler           |     9 |    20 |    91 |   129 |   186 |   356 |   397 |       |       ||  1188
       Kite shield       |       |       |       |       |       |       |   425 |  1186 |  1515 ||  3126
       Reflection        |       |       |       |       |       |       |    29 |    10 |    23 ||    62
